 Dungeon Crawl Stone Soup version 0.26-a0-30-g56b8cd3df0 (webtiles) character file.

Game seed: 7515887955897654323, levelgen mode: deterministic

6 vurker the Grave Robber (level 1, 0/14 HPs)
             Began as a Demonspawn Necromancer on June 3, 2020.
             Slain by a kobold (1 damage)
             ... on level 1 of the Dungeon.
             The game lasted 00:00:32 (297 turns).

vurker the Grave Robber (Demonspawn Necromancer)     Turns: 297, Time: 00:00:33

Health: 0/14       AC:  1    Str:  8    XL:     1   Next: 75%
Magic:  0/3        EV: 12    Int: 16    God:
Gold:   25         SH:  0    Dex: 13    Spells: 3/4 levels left

rFire    . . .     SeeInvis .   d - +2 whip (freeze)
rCold    . . .     Gourm    .   (no shield)
rNeg     . . .     Faith    .   a - +0 robe
rPois    .         Spirit   .   (no helmet)
rElec    .         Reflect  .   (no cloak)
rCorr    .         Harm     .   g - -2 pair of gloves (curse)
MR       .....                  (no boots)
Stlth    ++........             (no amulet)
HPRegen  0.04/turn              (no ring)
MPRegen  0.08/turn              (no ring)

@: no status effects
A: no striking features
a: no special abilities


You were on level 1 of the Dungeon.
You were not hungry.

You visited 1 branch of the dungeon, and saw 1 of its levels.

You collected 25 gold pieces.

Inventory:

Hand Weapons
 d - a +2 whip of freezing (weapon)
   (You found it on level 1 of the Dungeon)
Armour
 a - a +0 robe (worn)
 g - a cursed -2 pair of gloves (worn)
   (You found it on level 1 of the Dungeon)
Jewellery
 b - a +4 ring of slaying {unknown}
   (You found it on level 1 of the Dungeon)
Scrolls
 c - a scroll of enchant weapon {unknown}
 h - a scroll of amnesia {unknown}
 i - a scroll of identify {unknown}
Comestibles
 e - 3 rations
 f - a chunk of flesh


   Skills:
 + Level 0.3 Fighting
 - Level 1.7 Dodging
 - Level 1.7 Stealth
 * Level 2.2 Spellcasting
 * Level 4.5 Necromancy


You had 3 spell levels left.
You knew the following spells:

 Your Spells              Type           Power        Failure   Level  Hunger
a - Pain                  Necr           ###.         3%          1    #......

Your spell library contained the following spells:

 Spells                   Type           Power        Failure   Level  Hunger
 Animate Skeleton         Necr           N/A          3%          1    #......
 Vampiric Draining        Necr           ###.......   10%         3    ###....
 Animate Dead             Necr           N/A          30%         4    #####..
 Agony                    Necr           ###.....     65%         5    ######.


Dungeon Overview and Level Annotations

Branches:
Dungeon (1/15)

Altars:


Message History

Found a fuming orange potion.
Found 21 gold pieces.
No target in view!
i - a scroll labeled PAMODO GUFIUSE A kobold comes into view.
It is wielding a +0 whip.
A kobold is nearby!
Found a centaur barding.
A kobold comes into view.
Aim: a kobold, wielding a +0 whip (asleep, chance to defeat MR: 87%)
The kobold shouts!
The kobold writhes in agony.
You kill the kobold!
You hear an angry hiss.
A bat comes into view.
You can't see any susceptible monsters within range! (Use Z to cast anyway.)
You can't see any susceptible monsters within range! (Use Z to cast anyway.)
Aim: a bat (chance to defeat MR: 87%)
The bat writhes in agony.
You kill the bat!
The kobold shouts!
The kobold throws a stone.
The stone misses you.
Aim: a kobold, quivering 3 stones (chance to defeat MR: 87%)
The kobold writhes in agony.
The kobold throws a stone.
The stone hits you.
You don't have enough magic to cast that spell.
A frilled lizard comes into view.
The kobold throws a stone.
The stone hits you.
The kobold throws a stone.
The stone hits you but does no damage.
You see here a stone.
A rat comes into view.
The kobold misses you.
You barely miss the kobold. The kobold closely misses you.
You closely miss the kobold. The frilled lizard misses you.
The kobold barely misses you.
You closely miss the kobold.
A bat comes into view.
The frilled lizard closely misses you. The kobold barely misses you.
You hit the kobold but do no damage. The frilled lizard closely misses you.
The kobold hits you.
* * * LOW HITPOINT WARNING * * *
The frilled lizard barely misses you.
You closely miss the kobold. The bat hits you but does no damage.
The kobold hits you.
* * * LOW HITPOINT WARNING * * *
The frilled lizard bites you.
* * * LOW HITPOINT WARNING * * *
Aim: a kobold (severely wounded, chance to defeat MR: 87%)
The kobold barely resists.
The bat hits you but does no damage. The kobold barely misses you.
The frilled lizard closely misses you.
You closely miss the kobold. The bat barely misses you. The kobold hits you.
You die...

.................
.########...#### .# #...#
.# #...# ## #...#########
#.......!.[.####
#########...............
.................K......
##.######....(.(@l......
#.#### #.(......r......
#....# ###....b........
##....# #.............
......# #$............
......# #.............
....รท.##############....
.....(....# ....
..........#


You could see a bat, a kobold, a frilled lizard and a rat.

Vanquished Creatures
  A leopard gecko (D:1)
  A giant cockroach (D:1)
  2 bats (D:1)
  A frilled lizard (D:1)
  A kobold (D:1)
6 creatures vanquished.

Notes
Turn   | Place    | Note
-------+----------+-------------------------------------------
     0 | D:1      | vurker the Demonspawn Necromancer began the quest for the
                  | Orb.
     0 | D:1      | Reached XP level 1. HP: 13/13 MP: 3/3
   297 | D:1      | Slain by a kobold

Illustrated notes

Levels and vault maps discovered:
D:1:      dpeg_arrival_castle, layout_basic

Action                   || total
-------------------------++-------
Melee: Whip              ||     6
 Cast: Pain              ||     9
Armor: Robe              ||     3
Dodge: Dodged            ||    13

Table legend:
 A = Non-vault XP
 B = Vault XP
 C = Vault XP percentage of total XP
 D = Non-vault monster count
 E = Vault monster count
 F = Vault count percentage of total count
                 A         B        C        D         E       F
            +---------+---------+-------+---------+---------+-------
      Total |       9 |       0 |   0.0 |       6 |       0 |   0.0
            +---------+---------+-------+---------+---------+-------
        D:1 |       9 |       0 |   0.0 |       6 |       0 |   0.0
            +---------+---------+-------+---------+---------+-------
